 Dungeon Crawl Stone Soup version 0.21.0-3-g78d12a8bdd (webtiles) character file.

1268 Rrauwl the Skirmisher (level 8, -12/73 HPs)
             Began as a Purple Draconian Berserker on Jan 15, 2018.
             Was an Initiate of Sif Muna.
             Mangled by a polar bear (26 damage)
             ... created by the rage of Trog
             ... on level 5 of the Dungeon.
             The game lasted 00:16:30 (4096 turns).

Rrauwl the Skirmisher (Purple Draconian Berserker)  Turns: 4096, Time: 00:16:31

Health: -12/73     AC:  6    Str: 20 (25) XL:     8   Next: 28%
Magic:  13/13      EV: 13    Int:  7 (8)  God:    Sif Muna [......]
Gold:   231        SH:  0    Dex: 12      Spells: 13/13 levels left

rFire    + . .     SeeInvis .   a - +3 scythe (protect)
rCold    . . .     Gourm    .   (shield currently unavailable)
rNeg     . . .     Faith    .   (armour unavailable)
rPois    .         Spirit   .   (helmet restricted)
rElec    +         Reflect  .   (no cloak)
rCorr    .         Harm     .   (no gloves)
MR       ++...     Clarity  +   (no boots)
Stlth    +.........             v - amulet of regeneration
HPRegen  0.62/turn              s - ring of protection from fire
MPRegen  0.13/turn              (no ring)

@: mighty
A: breathe power, unfitting armour, clarity, magic resistance 1, electricity
resistance, cold-blooded, AC +6
a: Breathe Dispelling Energy, Renounce Religion


You were on level 5 of the Dungeon.
You worshipped Sif Muna.
Sif Muna was noncommittal.
You were not hungry.

You visited 2 branches of the dungeon, and saw 6 of its levels.

You collected 231 gold pieces.

Inventory:

Hand Weapons
 a - a +3 scythe of protection (weapon)
 b - a +1 hunting sling of freezing
 c - a +4 quarterstaff of chaos
Missiles
 m - 167 stones (quivered)
Armour
 x - a +1 cloak
Jewellery
 s - a ring of protection from fire (left hand)
 v - an amulet of regeneration (around neck)
Wands
 e - a wand of iceblast (8)
 t - a wand of enslavement (9)
Scrolls
 g - a scroll of fog
 i - 4 scrolls of enchant armour
 k - 4 scrolls of remove curse
 n - 2 scrolls of identify {unknown}
 p - a scroll of magic mapping {unknown}
 r - a scroll of blinking {unknown}
 y - 2 scrolls of amnesia {unknown}
Comestibles
 d - 8 rations
 w - 2 chunks of flesh


   Skills:
 - Level 7.0 Fighting
 + Level 6.9 Polearms
 - Level 4.0 Dodging
 + Level 3.4 Spellcasting
 + Level 2.3 Invocations
 + Level 1.0 Evocations


You had 13 spell levels left.
You didn't know any spells.

Dungeon Overview and Level Annotations

Branches:
Dungeon (5/15)             Temple (1/1) D:4

Altars:
Ashenzari
Cheibriados
Dithmenos
Elyvilon
Fedhas
Gozag
Hepliaklqana
Kikubaaqudgha
Makhleb
Nemelex Xobeh
Okawaru
Qazlal
Ru
Sif Muna
Trog
Uskayaw
Vehumet
Wu Jian
Yredelemnul
Zin
The Shining One


Innate Abilities, Weirdness & Mutations

You can breathe bolts of dispelling energy.
Your rich purple scales are hard. (AC +6)
You cannot fit into any form of body armour.
You are cold-blooded and may be slowed by cold attacks.
You possess an exceptional clarity of mind.
You are resistant to hostile enchantments. (MR+)
You are resistant to electric shocks. (rElec)


Message History

The black bear claws you. x2
As you open the door, it creaks loudly! The black bear barely misses you.
The black bear claws you. x2
The black bear bites you. The black bear barely misses you.
The black bear misses you. The black bear bites you! The black bear misses you.
The black bear claws you but does no damage.
The black bear closely misses you. The black bear claws you.
The black bear claws you but does no damage.
There is an open door here.
You hear an angry growl. x2
Okay, then.
You feel very mighty all of a sudden. The polar bear bites you!!
* * * LOW HITPOINT WARNING * * *
The polar bear claws you but does no damage.
The polar bear claws you.
* * * LOW HITPOINT WARNING * * *
You hear an angry growl.
The polar bear bites you!!
You die...

........# #.#
........# #.#
.......# #.#
.......###.#
#######.......#
####.=......(.#...
#hh'hh.)((.(..#...
#h##h..%......#...
#@##..........#.#.
#.##..........#.#.
#.##..........#.#.
#.##..........#.#.
#.##............#.
#.##.......[..###.
#.############# #.
#.#


You could see a polar bear (berserk) and 2 black bears.

Vanquished Creatures
  Grinder (D:4)
  Sigmund (D:4)
  A phantom (D:4)
  Purgy (D:3)
  A centaur (D:5)
  A scorpion (D:4)
  A crimson imp (D:5)
  A centaur skeleton (D:5)
  Crazy Yiuf (D:4)
  An orc priest (D:4)
  A bullfrog skeleton (D:4)
  A hound (D:4)
  3 orc wizards
  2 worker ants (D:5)
  3 iguanas
  A hound zombie (D:2)
  A hound skeleton (D:4)
  3 adders
  2 oozes (D:2)
  2 worms
  A dart slug (D:1)
  4 leopard geckos
  17 orcs
  2 ball pythons (D:3)
  8 bats
  5 giant cockroaches
  14 goblins
  12 hobgoblins
  6 jackals
  6 kobolds
  2 quokkas (D:4)
  4 frilled lizards
  A leopard gecko skeleton (D:4)
  7 rats
118 creatures vanquished.

Notes
Turn   | Place    | Note
-------+----------+-------------------------------------------
     0 | D:1      | Rrauwl the Draconian Berserker began the quest for the Orb.
     0 | D:1      | Reached XP level 1. HP: 19/19 MP: 1/1
    48 | D:1      | Reached XP level 2. HP: 26/26 MP: 2/2
   456 | D:1      | Reached ** piety under Trog
   456 | D:1      | Reached XP level 3. HP: 33/33 MP: 3/3
   914 | D:2      | Reached skill level 4 in Fighting
  1151 | D:2      | Reached XP level 4. HP: 40/40 MP: 4/4
  1517 | D:3      | Reached *** piety under Trog
  1830 | D:3      | Noticed Purgy
  1840 | D:3      | Killed Purgy
  1840 | D:3      | Reached XP level 5. HP: 47/47 MP: 5/5
  2128 | D:3      | Reached skill level 5 in Fighting
  2334 | D:4      | Reached XP level 6. HP: 19/56 MP: 6/6
  2572 | D:4      | Noticed Grinder
  2593 | D:4      | Reached skill level 5 in Polearms
  2709 | D:4      | Killed Grinder
  2709 | D:4      | Reached skill level 6 in Fighting
  2709 | D:4      | Your scales start taking on a rich purple colour.
  2709 | D:4      | Reached XP level 7. HP: 64/64 MP: 7/7
  2744 | D:4      | Noticed Sigmund
  2826 | D:4      | Killed Sigmund
  2826 | D:4      | Reached skill level 1 in Spellcasting
  2860 | D:4      | Found a staircase to the Ecumenical Temple.
  2974 | Temple   | Entered the Ecumenical Temple
  2981 | Temple   | Fell from the grace of Trog
  2981 | Temple   | Became a worshipper of Sif Muna the Loreminder
  3303 | D:4      | Reached skill level 7 in Fighting
  3518 | D:4      | Found a runed door.
  3523 | D:4      | Noticed Crazy Yiuf
  3529 | D:4      | Killed Crazy Yiuf
  3603 | D:5      | Entered Level 5 of the Dungeon
  3614 | D:5      | Reached skill level 1 in Invocations
  3614 | D:5      | Reached XP level 8. HP: 34/73 MP: 11/11
  3918 | D:5      | Gained mutation: You possess an exceptional clarity of mind. [potion of mutation]
  3918 | D:5      | Gained mutation: You are resistant to electric shocks. (rElec) [potion of mutation]
  3918 | D:5      | Gained mutation: You are resistant to hostile enchantments. (MR+) [potion of mutation]
  4010 | D:5      | Reached skill level 1 in Evocations
  4087 | D:5      | Noticed a polar bear
  4096 | D:5      | Mangled by a polar bear

Skill      XL: |  1  2  3  4  5  6  7  8 |
---------------+-------------------------+-----
Dodging        | 3 4 |  4.0
Fighting       | 4 5 6 7 |  7.0
Polearms       | 4 5 6 |  6.9
Spellcasting   | 2 3 |  3.4
Invocations    | 1 2 |  2.3
Evocations     | 1 |  1.0

Action                   |  1- 3 |  4- 6 |  7- 9 || total
-------------------------+-------+-------+-------++-------
Melee: Spear             |   129 |    39 |    10 ||   178
       Tailslap          |     8 |     6 |     8 ||    22
       Scythe            |       |       |    49 ||    49
 Fire: Hunting sling     |    40 |   133 |    20 ||   193
Invok: Berserk           |       |     3 |     1 ||     4
       Trog's Hand       |       |     1 |       ||     1
  Use: Potion            |       |       |    10 ||    10
       Scroll            |       |       |     5 ||     5
 Stab: Sleeping          |     4 |       |       ||     4
  Eat: Chunk             |     1 |     7 |     4 ||    12
       Ration            |       |       |     1 ||     1
Armor: Skin              |    28 |    38 |    30 ||    96
Dodge: Dodged            |    66 |    70 |    43 ||   179
